 Dungeon Crawl Stone Soup version 0.30.0-29-ga12c61a403 (webtiles) character file.

Game seed: 6160052784566947280

41077 Graphine the Nimble (level 14, -3/116 HPs)
             Began as a Merfolk Monk on June 13, 2023.
             Was an Initiate of Gozag.
             Slain by an eight-headed hydra (10 damage)
             ... on level 5 of the Lair of Beasts.
             The game lasted 00:56:39 (13465 turns).

Graphine the Nimble (Merfolk Monk)                 Turns: 13465, Time: 00:56:42

Health: -3/116     AC: 11    Str:  9    XL:     14   Next: 13%
Magic:  19/19      EV: 24    Int:  9    God:    Gozag
Gold:   4017       SH:  0    Dex: 24    Spells: 20/23 levels left

rFire   x . .        R - +10 morningstar "Eos" {elec, Halo rElec}
rCold   + . .        (no shield)
rNeg    . . .        T - +3 leather armour {rPois}
rPois   +            w - +0 helmet
rElec   +            j - +0 cloak
rCorr   +            (no gloves)
SInv    .            v - +2 pair of boots {Fly}
Will    +....        N - amulet of regeneration
Stlth   +            H - ring "Arejotro" {rPois rCorr Str-4 Dex+6}
HPRegen 1.19/turn    O - ring "Atanwor" {Ice Stlth+}
MPRegen 0.16/turn

%: clarity
@: flying, glowing, studying Throwing
A: (nimble swimmer 2), mertail, clarity, clumsy 1, low MP 1, screaming 1
a: Renounce Religion, Potion Petition, Call Merchant, Bribe Branch


You were on level 5 of the Lair of Beasts.
You worshipped Gozag.
Gozag was most pleased with you.
You visited 3 branches of the dungeon, and saw 15 of its levels.
You also visited: Ossuary, Bailey, Gauntlet and Ice Cave.

You collected 7104 gold pieces.
You spent 2433 gold pieces at shops.
You paid 654 gold pieces to Gozag.

Inventory:

Hand Weapons
 g - a +2 mace of protection
 o - a +0 arbalest
 t - a +1 dagger of flaming
 y - the +9 scimitar of Mutilation {flame, Fly rN+ Str+3 Dex+5}
   (You bought it in a shop on level 3 of the Dungeon)

   Str:       It affects your strength (+3).
   Dex:       It affects your dexterity (+5).
   rN:        It protects you from negative energy.
   Fly:       It grants you flight.
 R - the +10 morningstar "Eos" (weapon) {elec, Halo rElec}
   (You found it on level 8 of the Dungeon)

   Halo:      It grants its wielder a halo, revealing invisible creatures and
   increasing accuracy against all within it other than the wielder.
   rElec:     It insulates you from electricity.
Missiles
 l - a throwing net
 L - 10 javelins
 P - 7 curare-tipped darts
 V - 5 silver javelins (quivered)
Armour
 j - a +0 cloak (worn)
 p - the +1 pair of boots of the Lion {Harm rElec rPois}
   (You found it in a Gauntlet)

   rElec:     It insulates you from electricity.
   rPois:     It protects you from poison.
   Harm:      It increases damage dealt and taken.
 v - a +2 pair of boots of flying (worn)
 w - a +0 helmet (worn)
 T - a +3 leather armour of poison resistance (worn)
 W - a +2 robe of cold resistance
Magical Staves
 X - a staff of cold
Jewellery
 q - a ring of poison resistance
 H - the ring "Arejotro" (left hand) {rPois rCorr Str-4 Dex+6}
   (You bought it in a shop on level 8 of the Dungeon)

   [ring of dexterity]

   Str:       It affects your strength (-4).
   Dex:       It affects your dexterity (+6).
   rPois:     It protects you from poison.
   rCorr:     It protects you from acid and corrosion.
 N - an amulet of regeneration (around neck)
 O - the ring "Atanwor" (right hand) {Ice Stlth+}
   (You bought it in a shop on level 8 of the Dungeon)

   [ring of ice]

   It enhances your ice magic.
   rF:        It makes you vulnerable to fire.
   rC:        It protects you from cold.
   Stlth:     It makes you more stealthy.
 Q - a ring of protection from fire
Wands
 h - a wand of polymorph (7)
 E - a wand of iceblast (9)
 G - a wand of quicksilver (13)
 K - a wand of flame (29)
 Y - a wand of paralysis (6)
Scrolls
 a - 3 scrolls of teleportation
 b - a scroll of blinking
 d - a scroll of acquirement
 f - 3 scrolls of magic mapping
 i - a scroll of fear
 C - 2 scrolls of fog
 J - 3 scrolls of enchant weapon
 U - 2 scrolls of poison
Potions
 c - 3 potions of ambrosia
 e - 2 potions of magic
 k - 6 potions of curing
 m - 4 potions of brilliance
 n - 5 potions of flight
 r - a potion of might
 u - 3 potions of haste
 x - a potion of invisibility
 z - a potion of heal wounds
 A - a potion of resistance
 B - 3 potions of attraction
 D - 4 potions of lignification
 F - a potion of degeneration
 Z - a potion of cancellation {unknown}
Miscellaneous
 S - a box of beasts


   Skills:
 * Level 12.6 Fighting
 * Level 13.7 Long Blades
 * Level 10.2 Throwing
 * Level 14.9 Dodging
 - Level 5.0 Spellcasting
 - Level 8.5 Ice Magic
 * Level 9.8 Invocations


You had 20 spell levels left.
You knew the following spells:

 Your Spells              Type           Power      Damage    Failure   Level
a - Frozen Ramparts       Ice            52%        1d8       3%          3

Your spell library contained the following spells:

 Spells                   Type           Power      Damage    Failure   Level
 Freeze                   Ice            100%       1d10      1%          1
 Hailstorm                Conj/Ice       14%        3d5       19%         3
 Sandblast                Erth           4%         2d4       34%         1
 Shock                    Conj/Air       8%         1d3       34%         1
 Sting                    Tmut/Pois      8%         1d3       34%         1
 Call Imp                 Summ           4%         N/A       45%         2
 Lesser Beckoning         Tloc           4%         N/A       45%         2
 Passwall                 Tmut/Erth      1%         N/A       45%         2
 Gell's Gravitas          Tloc           2%         N/A       71%         3
 Stone Arrow              Conj/Erth      4%         3d7       71%         3
 Swiftness                Air            2%         N/A       71%         3
 Teleport Other           Tloc           2%         N/A       71%         3
 Airstrike                Air            1%         2d(1-17)  98%         4
 Anguish                  Hex/Necr       1%         N/A       98%         4
 Cause Fear               Hex            1%         N/A       98%         4
 Conjure Ball Lightning   Conj/Air       1%         3x3d6     100%        6
 Dispersal                Tloc           1%         N/A       100%        6
 Starburst                Conj/Fire      1%         6d3       100%        6
 Enfeeble                 Hex            1%         N/A       100%        7
 Malign Gateway           Summ/Tloc      1%         N/A       100%        7
 Monstrous Menagerie      Summ           1%         N/A       100%        7
 Discord                  Hex            1%         N/A       100%        8
 Disjunction              Tloc           1%         N/A       100%        8
 Fire Storm               Conj/Fire      1%         7d1       100%        9


Dungeon Overview and Level Annotations

Branches:
Dungeon (9/15)             Temple (1/1) D:7            Lair (5/5) D:8
  Swamp (0/4) Lair:3        Snake (0/4) Lair:3        Slime (0/5) Lair:4
Ossuary (visited)          Bailey (visited)           IceCv (visited)
Gauntlet (visited)
    Orc: D:9-12

Altars:
Cheibriados
Gozag
Makhleb
Yredelemnul

Shops:
D:3 (   D:4 *   D:5 :   D:8 =   Lair:4 (

Annotations:
D:6 1 runed translucent door


Innate Abilities, Weirdness & Mutations

((You are very nimble when in or above water. (Stealth+, EV+, Speed+++)))
Your lower body shifts to a powerful aquatic tail in water.
You possess an exceptional clarity of mind.
You are clumsy. (Dex -2)
Your magical capacity is low. (-10% MP)
You occasionally shout uncontrollably at your foes.


Message History

The eight-headed hydra bites you. The eight-headed hydra misses you.
The eight-headed hydra completely misses you.
The eight-headed hydra bites you.
You feel much better. The eight-headed hydra bites you!
The eight-headed hydra misses you.
The eight-headed hydra bites you but does no damage.
The eight-headed hydra barely misses you. x2
The eight-headed hydra bites you but does no damage.
The eight-headed hydra barely misses you. x2
You sock the eight-headed hydra!
The eight-headed hydra is almost dead.
The eight-headed hydra completely misses you.
The eight-headed hydra closely misses you.
The eight-headed hydra bites you but does no damage.
The eight-headed hydra bites you. x2; The eight-headed hydra bites you! x2
* * * LOW HITPOINT WARNING * * *
The eight-headed hydra misses you. The eight-headed hydra bites you.
* * * LOW HITPOINT WARNING * * *
The eight-headed hydra bites you.
* * * LOW HITPOINT WARNING * * *
The eight-headed hydra closely misses you.
The eight-headed hydra misses you. x2; The eight-headed hydra bites you.
* * * LOW HITPOINT WARNING * * *
The eight-headed hydra barely misses you.
The eight-headed hydra misses you.
Okay, then.
As you read the scroll of fear, it crumbles to dust.
You assume a fearsome visage.
The eight-headed hydra resists with some effort.
The eight-headed hydra closely misses you.
The eight-headed hydra misses you. The eight-headed hydra bites you.
* * * LOW HITPOINT WARNING * * *
The eight-headed hydra misses you.
The eight-headed hydra barely misses you.
The eight-headed hydra bites you but does no damage.
The eight-headed hydra bites you!
* * * LOW HITPOINT WARNING * * *
The eight-headed hydra bites you!
You die...
Your body crumbles into a pile of gold.

##### ########.#..#
####...#P#....###
......PP........## ##
......P..........##P##
......D@.............#
......P.#............##
.....#..##............##
.... #..##...........#.#
... .#..###............
.. .....###...........#
# ............P........
......................
.................


You could see an eight-headed hydra.

Vanquished Creatures
  A balrug (Gauntlet)
  A minotaur (Gauntlet)
  2 dire elephants (Lair:5)
  Fannar (Lair:3)
  3 hydras
  2 tengu warriors
  Sonja (Lair:4)
  A skyshark (Lair:2)
  A spectral death yak (Lair:5)
  2 bog bodies (Lair:3)
  A lindwurm (Lair:2)
  Pikel (D:4)
  A necromancer (Lair:5)
  An ugly thing (IceCv)
  15 elephants
  12 cane toads
  A torpor snail (Gauntlet)
  3 black mambas
  The ghost of IsvaffelMax the Insei, a novice GnTm of the Shining One (D:6)
  5 rime drakes
  2 komodo dragons
  A tengu conjurer (Gauntlet)
  4 polar bears
  Prince Ribbit (D:6)
  6 blink frogs
  Grinder (D:6)
  Sigmund (D:3)
  Eustachio (D:5)
  A spriggan (Lair:4)
  3 wyverns
  A vampire (D:6)
  39 yaks
  A basilisk (Lair:2)
  Edmund (D:4)
  7 water moccasins
  6 nagas (Lair:3)
  3 wargs (D:8)
  2 hell hounds (Gauntlet)
  9 orc warriors
  A sky beast (D:6)
  3 black bears
  An elephant zombie (Lair:5)
  2 ogres
  29 wolves
  2 centaurs (D:8)
  An elephant skeleton (Lair:5)
  3 lemures (D:4)
  3 kobold brigands (D:7)
  2 phantoms
  4 scorpions
  12 bullfrogs
  2 cane toad simulacra (Lair:5)
  An elephant simulacrum (IceCv)
  3 electric eels (Lair:3)
  A howler monkey (D:7)
  4 hounds
  3 jellies (D:5)
  A gnoll bouda (D:8)
  5 orc priests
  4 iguanas
  6 orc wizards
  A polar bear simulacrum (IceCv)
  8 mummies (Ossuary)
  Robin (D:3)
  6 adders
  11 gnolls
  3 shadow imps
  A worm (D:6)
  A dart slug (D:1)
  47 orcs
  5 endoplasms
  6 giant cockroaches
  A gnoll zombie (Ossuary)
  22 goblins
  19 hobgoblins
  2 quokkas (D:2)
  9 ball pythons
  6 bats
  5 frilled lizards
  A hobgoblin zombie (Ossuary)
  30 kobolds
  3 kobold zombies (Ossuary)
  3 orc zombies (Ossuary)
  2 rats
432 creatures vanquished.

Notes
Turn   | Place    | Note
-------+----------+-------------------------------------------
     0 | D:1      | Graphine the Merfolk Monk began the quest for the Orb.
     0 | D:1      | Reached XP level 1. HP: 18/18 MP: 1/1
   104 | D:1      | Reached XP level 2. HP: 21/24 MP: 2/2
   285 | D:1      | Reached XP level 3. HP: 30/30 MP: 3/3
  1438 | D:2      | Reached XP level 4. HP: 37/37 MP: 4/4
  1678 | D:3      | Identified the +1 leather armour "Bufex" {*Slow Fly rElec
                  | rC++}
  1741 | D:3      | Found Tibam's Weapon Boutique.
  1750 | D:3      | Reached skill level 5 in Dodging
  2144 | D:3      | Found a burning altar of Makhleb.
  2171 | D:3      | Noticed Robin
  2193 | D:3      | Killed Robin
  2348 | D:3      | Noticed Sigmund
  2369 | D:3      | Killed Sigmund
  2370 | D:3      | Reached skill level 5 in Fighting
  2370 | D:3      | Reached skill level 5 in Long Blades
  2370 | D:3      | Reached skill level 6 in Dodging
  2370 | D:3      | Reached XP level 5. HP: 39/44 MP: 5/5
  2370 | D:3      | Reached XP level 6. HP: 45/51 MP: 6/6
  2573 | D:4      | Found Mauniten's CLEARANCE SALE!.
  2644 | D:4      | Found an opulent altar of Gozag.
  2656 | D:4      | Became a worshipper of Gozag Ym Sagoz the Greedy
  2944 | D:4      | Reached XP level 7. HP: 16/56 MP: 7/7
  3053 | D:4      | Found a sand-covered staircase.
  3066 | Ossuary  | Entered an ossuary
  3372 | Ossuary  | Identified a scroll of acquirement
  3372 | Ossuary  | Acquired 1098 gold pieces
  3460 | D:3      | Bought the +9 scimitar of Mutilation {flame, Fly rN+ Str+3
                  | Dex+5} for 905 gold pieces
  3558 | D:4      | Noticed Edmund
  3567 | D:4      | Killed Edmund
  3568 | D:4      | Reached skill level 7 in Dodging
  3765 | D:4      | Noticed Pikel
  3773 | D:4      | Killed Pikel
  3774 | D:4      | Reached skill level 8 in Dodging
  3774 | D:4      | Reached XP level 8. HP: 53/65 MP: 8/8
  3929 | D:4      | Acquired 861 gold pieces
  3961 | D:5      | Entered Level 5 of the Dungeon
  4097 | D:5      | Reached skill level 1 in Invocations
  4193 | D:5      | Noticed Eustachio
  4204 | D:5      | Killed Eustachio
  4277 | D:5      | Reached skill level 9 in Dodging
  4278 | D:5      | Reached XP level 9. HP: 72/72 MP: 10/10
  4414 | D:5      | Learned a level 3 spell: Frozen Ramparts
  4415 | D:5      | Found Pohytup's Book Shoppe.
  4606 | D:6      | Found a runed translucent door.
  4606 | D:6      | Noticed IsvaffelMax's ghost (novice GnTm)
  4618 | D:6      | Killed IsvaffelMax's ghost
  4619 | D:6      | Reached skill level 1 in Spellcasting
  4619 | D:6      | Reached skill level 1 in Ice Magic
  4641 | D:6      | Found a runed translucent door.
  4787 | D:6      | Found the sphere of Battle
  5153 | D:6      | Noticed Grinder
  5163 | D:6      | Killed Grinder
  5338 | D:6      | Got the Tractate on Collective Pollution
  5360 | D:6      | Noticed Prince Ribbit
  5368 | D:6      | Killed Prince Ribbit
  5369 | D:6      | Reached skill level 10 in Dodging
  5369 | D:6      | Reached XP level 10. HP: 69/82 MP: 9/14
  6076 | D:7      | Found a staircase to the Ecumenical Temple.
  6126 | Temple   | Entered the Ecumenical Temple
  6422 | D:8      | Gained mutation: You are frail. (-10% HP) [potion of
                  | mutation]
  6422 | D:8      | Gained mutation: Your system is resistant to poisons.
                  | (rPois) [potion of mutation]
  6422 | D:8      | Gained mutation: Your muscles are strong. (Str +4, Int/Dex
                  | -1) [potion of mutation]
  6423 | D:8      | Lost mutation: You are frail. (-10% HP) [potion of
                  | mutation]
  6423 | D:8      | Lost mutation: Your muscles are strong. (Str +4, Int/Dex
                  | -1) [potion of mutation]
  6423 | D:8      | Gained mutation: You are clumsy. (Dex -2) [potion of
                  | mutation]
  6423 | D:8      | Gained mutation: You do not regenerate when monsters are
                  | visible. [potion of mutation]
  6424 | D:8      | Lost mutation: You do not regenerate when monsters are
                  | visible. [potion of mutation]
  6424 | D:8      | Lost mutation: Your system is resistant to poisons. (rPois)
                  | [potion of mutation]
  6424 | D:8      | Gained mutation: Your magical capacity is low. (-10% MP)
                  | [potion of mutation]
  6424 | D:8      | Gained mutation: You occasionally shout uncontrollably at
                  | your foes. [potion of mutation]
  6424 | D:8      | Gained mutation: You possess an exceptional clarity of
                  | mind. [potion of mutation]
  6462 | D:8      | Found a flagged portal.
  6509 | Bailey   | Entered a bailey
  6671 | Bailey   | Reached skill level 5 in Invocations
  6981 | D:8      | Found Piamemoru's Jewellery Boutique.
  7003 | D:8      | Bought the ring "Arejotro" {rPois rCorr Str-4 Dex+6} for
                  | 621 gold pieces
  7003 | D:8      | Bought an amulet of regeneration for 420 gold pieces
  7003 | D:8      | Bought the ring "Atanwor" {Ice Stlth+} for 487 gold pieces
  7119 | D:8      | Found a staircase to the Lair.
  7244 | D:8      | Reached skill level 10 in Long Blades
  7248 | D:8      | Reached skill level 5 in Ice Magic
  7416 | D:8      | Reached skill level 11 in Dodging
  7424 | D:8      | Noticed a tengu warrior
  7426 | D:8      | Found the +10 morningstar "Eos" {elec, Halo rElec}
  7441 | D:8      | Killed a tengu warrior
  7442 | D:8      | Reached XP level 11. HP: 89/89 MP: 11/15
  7908 | Lair:1   | Entered Level 1 of the Lair of Beasts
  7976 | Lair:1   | Reached skill level 5 in Spellcasting
  8150 | Lair:1   | Reached skill level 10 in Fighting
  8172 | Lair:1   | Acquired a manual of Throwing
  8306 | Lair:1   | Reached skill level 12 in Dodging
  8324 | Lair:1   | Reached skill level 1 in Throwing
  9199 | Lair:2   | Reached XP level 12. HP: 95/98 MP: 13/17
  9450 | Lair:2   | Noticed a skyshark
  9463 | Lair:2   | Killed a skyshark
  9591 | Lair:2   | Reached skill level 5 in Throwing
 10113 | Lair:3   | Reached skill level 13 in Dodging
 10127 | Lair:3   | Found a staircase to the Swamp.
 10270 | Lair:3   | Found a frozen archway.
 10293 | IceCv    | Entered an ice cave
 10310 | IceCv    | Found a transporter.
 10326 | IceCv    | Found a transporter.
 10338 | IceCv    | Identified the +10 war axe "Xubo" {flame, Dex+2}
 10351 | Lair:3   | Noticed Fannar
 10363 | Lair:3   | Killed Fannar
 10408 | Lair:3   | Found a gate leading to a gauntlet.
 10417 | Gauntlet | Entered a Gauntlet
 10417 | Gauntlet | Found a transporter.
 10420 | Gauntlet | Found a transporter.
 10479 | Gauntlet | Found a transporter.
 10479 | Gauntlet | Found a transporter.
 10492 | Gauntlet | Got Xuthroaq's Spellbook of Lava and Transportation
 10521 | Gauntlet | Noticed a cacodemon
 10594 | Gauntlet | Found a transporter.
 10599 | Gauntlet | Noticed a tengu warrior
 10600 | Gauntlet | Found a transporter.
 10600 | Gauntlet | Noticed a balrug
 10616 | Gauntlet | Killed a tengu warrior
 10622 | Gauntlet | Found a transporter.
 10647 | Gauntlet | Found a transporter.
 10661 | Gauntlet | Killed a balrug
 10662 | Gauntlet | Reached XP level 13. HP: 18/106 MP: 15/18
 10750 | Gauntlet | Identified the +1 pair of boots of the Lion {Harm rElec
                  | rPois}
 10754 | Gauntlet | Noticed a great orb of eyes
 10781 | Gauntlet | Found a transporter.
 10783 | Gauntlet | Found a transporter.
 10795 | Gauntlet | Noticed a minotaur
 10813 | Gauntlet | Killed a minotaur
 11001 | Lair:3   | Found a staircase to the Snake Pit.
 12034 | Lair:4   | Noticed Sonja
 12038 | Lair:4   | Killed Sonja
 12274 | Lair:4   | Found a staircase to the Slime Pits.
 12466 | Lair:4   | Reached skill level 14 in Dodging
 12915 | Lair:5   | Entered Level 5 of the Lair of Beasts
 12917 | Lair:5   | Noticed a dire elephant
 12917 | Lair:5   | Noticed a dire elephant
 12917 | Lair:5   | Noticed a dire elephant
 12917 | Lair:5   | Noticed a dire elephant
 12936 | Lair:5   | Noticed a dire elephant
 12956 | Lair:5   | Noticed a dire elephant
 12962 | Lair:5   | Killed a dire elephant
 12979 | Lair:5   | Killed a dire elephant
 13158 | Lair:5   | Identified the +1 scale mail of Resonance {Harm rN+ rCorr
                  | Dex+4}
 13159 | Lair:5   | Identified the +8 chain mail of the Lizard {Harm rPois rC-
                  | Dex+3}
 13296 | Lair:5   | Reached XP level 14. HP: 115/116 MP: 16/19
 13311 | Lair:5   | Reached skill level 10 in Throwing
 13465 | Lair:5   | Slain by an eight-headed hydra

Illustrated notes

Levels and vault maps discovered:
D:1:      psy_arrival_spokes, layout_basic
D:2:      layout_basic, minmay_hedge_maze, minmay_quantized
D:3:      layout_loops_cross, lemuel_coloured_pillars_altar, serial_shops,
          nicolae_shop_advertising_works [nicolae_subvault_shop_adworks],
          uniq_robin, uniq_sigmund
D:4:      layout_basic, nicolae_gozag_cash_rules_everything_around_me,
          nicolae_ossuary_entry_ruins, roderic_malta_cross, minivault_27,
          nicolae_shop_clearance, uniq_pikel, uniq_edmund
D:5:      layout_rooms, serial_shops, nicolae_shop_crystal,
          minmay_fractal_squares_gapless_5, uniq_eustachio
D:6:      layout_cave_pods, ebering_ghost_sewer_f, uniq_grinder,
          uniq_prince_ribbit1
D:7:      layout_basic, minmay_temple_entry_offerings
D:8:      layout_basic, erik_lair_orcish_takeover, special_room
          [special_room_orc], enter_bailey_5, serial_shops,
          nicolae_shop_statue_plus, minmay_radiant
D:9:      layout_layer_cave, vehumet_statue, fedhas_altar_3, uniq_amaemon
Temple:   compressed_dpeg_circular_temple
Lair:1:   layout_cave_pods, grunt_megastairs_2
Lair:2:   layout_chaotic_city, hangedman_lair_unloving_vines,
          serial_bayou_shore_b, infiniplex_staircase_pool_2, grunt_megastairs_5
Lair:3:   layout_hall_layers, skrybe_swamp_entry_bodies,
          minmay_snake_entry_guardpost_medium, gauntlet_entry_generic,
          portal_ice_cave_rime, serial_bayou_shore_a, infiniplex_staircase_pool,
          lemuel_fruit_fields, uniq_fannar
Lair:4:   layout_cave_pods, slime_entry_1, grunt_forest_stairs_clearing,
          lemuel_fruit_fields, grunt_megastairs_1, serial_bayou_shore_b,
          uniq_sonja
Lair:5:   due_jungle_book, layout_gridlike, gammafunk_ghost_icy,
          minmay_stone_trees_medium, pond, serial_bayou_shore_b

Skill      XL: |  1  2  3  4  5  6  7  8  9 10 11 12 13 14 |
---------------+-------------------------------------------+-----
Long Blades    | 4 5 6 7 8 9 10 11 12 13 | 13.7
Fighting       | 4 5 6 7 8 9 10 11 12 | 12.6
Dodging        | 6 8 9 10 11 12 13 14 | 14.9
Invocations    | 2 4 6 7 9 |  9.8
Spellcasting   | 2 4 5 |  5.0
Ice Magic      | 3 5 6 8 |  8.5
Throwing       | 3 7 9 10 | 10.2

Action                     |  1- 3 |  4- 6 |  7- 9 | 10-12 | 13-15 || total
---------------------------+-------+-------+-------+-------+-------++-------
  Melee: Falchion          |    72 |   104 |     7 |       |       ||   183
         Mace              |    54 |       |       |       |       ||    54
         Punch             |       |     2 |       |     8 |     9 ||    19
         Long sword        |       |       |    27 |       |       ||    27
         Scimitar          |       |       |   149 |   435 |   245 ||   829
         Morningstar       |       |       |       |       |    21 ||    21
   Fire: Arbalest          |     1 |    12 |       |       |       ||    13
  Throw: Throwing net      |       |       |     2 |       |       ||     2
         Javelin           |       |       |       |    17 |     3 ||    20
   Cast: Frozen Ramparts   |       |       |       |    35 |    19 ||    54
 Invoke: Call Merchant     |       |       |       |       |     1 ||     1
  Evoke: Wand              |       |     2 |     5 |     6 |     7 ||    20
    Use: Scroll            |     6 |     4 |    10 |    10 |     4 ||    34
         Potion            |       |     2 |     3 |    10 |     6 ||    21
   Stab: Distracted        |       |       |     2 |     8 |     4 ||    14
         Held in net/web   |       |       |     1 |       |       ||     1
         Sleeping          |       |       |       |     1 |     2 ||     3
         Invisible         |       |       |       |     7 |       ||     7
 Armour: Robe              |    23 |       |       |       |       ||    23
         Leather armour    |    12 |    18 |    27 |    76 |    98 ||   231
  Dodge: Dodged            |    91 |    73 |   119 |   507 |   431 ||  1221
